 Dungeon Crawl Stone Soup version 0.24-a0-139-geb6712d (webtiles) character file.

Game seed: 0

7534 Inarius the Zephyrmancer (level 11, -1/60 HPs)
             Began as a Kobold Air Elementalist on Mar 1, 2019.
             Was a Priest of Vehumet.
             Slain by an orc warrior
             ... wielding a +0 war axe
              (13 damage)
             ... in a bailey.
             The game lasted 00:35:08 (12862 turns).

Inarius the Zephyrmancer (Kobold Air Elementalist) Turns: 12862, Time: 00:35:09

Health: -1/60      AC:  6    Str: 10    XL:     11   Next: 39%
Magic:  7/31       EV: 16    Int: 21    God:    Vehumet [***...]
Gold:   294        SH:  6    Dex: 15    Spells: 9/24 levels left

rFire    . . .     SeeInvis .   m - +4 rapier
rCold    . . .     Gourm    .   H - +0 buckler
rNeg     + . .     Faith    .   o - +1 leather armour {rN+}
rPois    .         Spirit   .   (no helmet)
rElec    .         Reflect  .   (no cloak)
rCorr    .         Harm     .   x - +1 pair of gloves
MR       .....                  (no boots)
Stlth    +++.......             (no amulet)
HPRegen  0.20/turn              j - ring of magical power
MPRegen  0.22/turn              l - +5 ring of strength

@: very slightly contaminated
A: small, carnivore
a: Renounce Religion


You were in a bailey.
You worshipped Vehumet.
Vehumet was most pleased with you.
You were very full.

You visited 2 branches of the dungeon, and saw 9 of its levels.
You also visited: Sewer and Bailey.

You collected 673 gold pieces.
You spent 379 gold pieces at shops.

Inventory:

Hand Weapons
 m - a +4 rapier (weapon)
 n - a +2 dagger of venom
 y - the +8 war axe "Mestee" {vamp, rC+, unknown}
   (You found it on level 4 of the Dungeon)

   It inflicts no extra harm, but heals its wielder when it wounds a living foe.
   It protects you from cold.
Armour
 a - a +0 robe
 o - a +1 leather armour of positive energy (worn)
 x - a +1 pair of gloves (worn)
 C - a +2 leather armour of poison resistance
 H - a +0 buckler (worn)
 K - a +2 leather armour of cold resistance
Jewellery
 e - an uncursed ring of fire
 i - an uncursed ring of protection from fire
 j - a ring of magical power (left hand)
 l - a +5 ring of strength (right hand)
 w - a +2 ring of evasion
 F - an uncursed ring of resist corrosion
Wands
 L - a wand of random effects (9)
Scrolls
 d - 6 scrolls of amnesia
 f - 4 scrolls of enchant weapon
 g - 6 scrolls of remove curse
 k - a scroll of immolation
 q - 2 scrolls of acquirement {unknown}
Potions
 b - a potion of lignification {unknown}
 h - 6 potions of curing
 p - a potion of berserk rage {unknown}
 s - 6 potions of magic
 u - a potion of brilliance
 v - 4 potions of might {unknown}
 z - a potion of mutation
 A - 4 potions of resistance
 I - a potion of degeneration {unknown}
Comestibles
 c - 17 rations


   Skills:
 + Level 3.1 Fighting
 + Level 5.7 Short Blades
 + Level 2.6 Armour
 + Level 4.5 Dodging
 + Level 5.0 Stealth
 * Level 4.1 Shields
 + Level 7.4 Spellcasting
 * Level 8.4 Conjurations
 * Level 9.1 Air Magic
 + Level 2.4 Evocations


You had 9 spell levels left.
You knew the following spells:

 Your Spells              Type           Power        Failure   Level  Hunger
a - Shock                 Conj/Air       ####         1%          1    None
b - Airstrike             Air            #####.....   1%          4    ###....
c - Swiftness             Chrm/Air       ####....     3%          2    None
d - Static Discharge      Conj/Air       #####...     1%          3    None
e - Lightning Bolt        Conj/Air       #####.....   2%          5    #####..

Your spell library contained the following spells:

 Spells                   Type           Power        Failure   Level  Hunger
 Force Lance              Conj/Tloc      ####....     6%          4    ###....
 Flame Tongue             Conj/Fire      ####.        1%          1    None
 Throw Flame              Conj/Fire      ####..       1%          2    None
 Conjure Flame            Conj/Fire      ####....     1%          3    None
 Sticky Flame             Conj/Fire      ####....     6%          4    ###....
 Inner Flame              Hex/Fire       #.......     11%         3    None
 Summon Butterflies       Summ           #.......     13%         1    None
 Fireball                 Conj/Fire      ####......   17%         5    #####..
 Call Canine Familiar     Summ           #.......     36%         3    None
 Summon Ice Beast         Ice/Summ       #.......     77%         4    ###....
 Summon Mana Viper        Hex/Summ       #.......     98%         5    #####..
 Summon Hydra             Summ           #.........   100%        7    #######


Dungeon Overview and Level Annotations

Branches:
Dungeon (8/15)             Temple (1/1) D:5
   Lair: D:8-11

Altars:
Ashenzari
Cheibriados
Dithmenos
Elyvilon
Fedhas
Gozag
Hepliaklqana
Makhleb
Qazlal
Ru
Trog
Uskayaw
Vehumet
Zin
The Shining One

Shops:
D:5 !   D:6 [


Innate Abilities, Weirdness & Mutations

You are small and have problems with some larger weapons.
You are carnivorous and can eat meat at any time.


Message History

Confirm with . or Enter, or press ? or * to list all spells.
Aiming: Lightning Bolt (safe; 2% risk of failure)
Press: ? - help, Shift-Dir - straight line, f - orc warrior
Aim: an orc warrior, wielding a +0 war axe and wearing a +0 scale mail You hear a mighty clap of thunder!
The bolt of lightning misses the orc warrior.
You hear a shout!
Unknown command.
Unknown command.
Casting: Lightning Bolt (safe; 2% risk of failure)
Confirm with . or Enter, or press ? or * to list all spells.
Aiming: Lightning Bolt (safe; 2% risk of failure)
Press: ? - help, Shift-Dir - straight line, f/p - orc warrior
Aim: an orc warrior, wielding a +0 war axe and wearing a +0 scale mail You miscast Lightning Bolt.
You are very lightly contaminated with residual magic.
Wisps of smoke drift from your hands. The orc warrior misses you.
Unknown command.
The orc warrior hits you with a +0 war axe!
You die...

### ### ###.### ###.###
###o@...### ###.....#
##)........###........
#...........#o........
#..........)))).).....
#.....).....#..)..⌠...
#....)......#.o..o....
#...........#.....g...
###.(.......###........
♣♣♣♣♣ ###.#)#)....###
###.....#


You could see an orc warrior.

Vanquished Creatures
  An orc warlord (Bailey)
  Harold (D:7)
  2 orc knights (Bailey)
  Sigmund (D:5)
  Eustachio (D:5)
  An ice beast (D:6)
  2 phantoms
  7 orc warriors
  A necrophage (D:6)
  8 ogres
  5 centaurs
  4 bullfrogs
  2 scorpions
  6 killer bees (D:7)
  4 wights (D:7)
  2 crimson imps
  A howler monkey (D:4)
  A centaur zombie (D:7)
  6 orc priests
  A bullfrog zombie (D:5)
  5 hounds
  3 centaur skeletons
  A bullfrog skeleton (D:4)
  9 orc wizards
  2 iguanas (D:7)
  6 worker ants
  9 gnolls
  11 adders
  2 river rats (D:3)
  2 shadow imps
  2 oozes
  An adder skeleton (D:4)
  2 worms
  5 dart slugs
  7 leopard geckos
  46 orcs
  13 bats
  4 giant cockroaches
  25 goblins
  21 hobgoblins
  14 jackals
  4 quokkas
  2 ball pythons
  11 frilled lizards
  8 kobolds
  A quokka skeleton (D:7)
  A quokka zombie (D:5)
  12 rats
286 creatures vanquished.

Vanquished Creatures (collateral kills)
  2 gnolls (Bailey)
  An orc (Bailey)
3 creatures vanquished.

Vanquished Creatures (others)
  An orc warrior (Bailey)
  A sky beast (D:5)
2 creatures vanquished.

Grand Total: 291 creatures vanquished

Notes
Turn   | Place    | Note
-------+----------+-------------------------------------------
     0 | D:1      | Inarius the Kobold Air Elementalist began the quest for the
                  | Orb.
     0 | D:1      | Reached XP level 1. HP: 10/10 MP: 3/3
    89 | D:1      | Reached XP level 2. HP: 15/15 MP: 0/5
   387 | D:1      | Reached XP level 3. HP: 7/19 MP: 0/6
  1628 | D:2      | Reached XP level 4. HP: 18/24 MP: 4/7
  1705 | D:2      | Learned a level 4 spell: Airstrike
  2522 | D:2      | Reached skill level 4 in Air Magic
  2732 | D:3      | Reached XP level 5. HP: 27/28 MP: 8/8
  2750 | D:3      | Found a blossoming altar of Fedhas.
  2865 | D:3      | Learned a level 2 spell: Swiftness
  3094 | D:3      | Found a glowing drain.
  3118 | Sewer    | Entered a sewer
  3635 | Sewer    | Reached XP level 6. HP: 32/32 MP: 0/10
  4207 | D:3      | Found a sacrificial altar of Ru.
  4295 | D:3      | Found a burning altar of Makhleb.
  5142 | D:4      | Found a shattered altar of Ashenzari.
  5200 | D:4      | Reached XP level 7. HP: 22/36 MP: 2/11
  5205 | D:4      | Reached skill level 1 in Short Blades
  5209 | D:4      | Reached skill level 1 in Armour
  6020 | D:4      | Reached skill level 5 in Air Magic
  6050 | D:4      | Got a fine war axe
  6335 | D:5      | Entered Level 5 of the Dungeon
  6344 | D:5      | Reached XP level 8. HP: 42/42 MP: 13/13
  6390 | D:5      | Noticed Sigmund
  6405 | D:5      | Killed Sigmund
  6405 | D:5      | Reached skill level 5 in Conjurations
  6448 | D:5      | Reached skill level 1 in Fighting
  6453 | D:5      | HP: 2/43 [centaur (6)]
  7078 | D:5      | Learned a level 3 spell: Static Discharge
  7091 | D:5      | Found Baopekk's Distillery.
  7111 | D:5      | Bought a potion of mutation for 96 gold pieces
  7111 | D:5      | Bought a potion of heal wounds for 60 gold pieces
  7111 | D:5      | Bought a potion of resistance for 120 gold pieces
  7280 | D:5      | Reached skill level 6 in Air Magic
  7344 | D:5      | Noticed Eustachio
  7354 | D:5      | Killed Eustachio
  7354 | D:5      | Reached XP level 9. HP: 41/48 MP: 15/15
  7512 | D:5      | Reached skill level 5 in Spellcasting
  7742 | D:5      | Found a white marble altar of Elyvilon.
  7940 | D:5      | Found a glowing golden altar of the Shining One.
  8027 | D:5      | Found a staircase to the Ecumenical Temple.
  8147 | Temple   | Entered the Ecumenical Temple
  8190 | Temple   | Became a worshipper of Vehumet
  8302 | D:5      | Reached skill level 1 in Evocations
  8460 | D:6      | Learned a level 5 spell: Lightning Bolt
  8679 | D:6      | Found Guku Fuh's Antique Armour Shoppe.
  8682 | D:6      | Bought a buckler for 103 gold pieces
  9132 | D:6      | Found a hazy altar of Hepliaklqana.
  9464 | D:6      | Reached skill level 1 in Shields
  9464 | D:6      | Reached skill level 7 in Air Magic
  9704 | D:7      | Reached * piety under Vehumet
  9704 | D:7      | Offered knowledge of Magic Dart by Vehumet.
  9803 | D:7      | Reached XP level 10. HP: 54/54 MP: 14/18
  9969 | D:7      | Reached skill level 5 in Short Blades
 10728 | D:7      | Found a bloodstained altar of Trog.
 10862 | D:7      | Offered knowledge of Flame Tongue by Vehumet.
 10870 | D:7      | Reached ** piety under Vehumet
 11148 | D:8      | Noticed Harold
 11178 | D:7      | Reached skill level 8 in Air Magic
 11186 | D:7      | Killed Harold
 11462 | D:8      | Found a flagged portal.
 11481 | Bailey   | Entered a bailey
 11686 | Bailey   | Offered knowledge of Dazzling Spray by Vehumet.
 11814 | Bailey   | Noticed an orc knight
 11888 | Bailey   | Reached *** piety under Vehumet
 11961 | Bailey   | Killed an orc knight
 11961 | Bailey   | Reached skill level 5 in Stealth
 11961 | Bailey   | Reached XP level 11. HP: 60/60 MP: 4/20
 12089 | Bailey   | Offered knowledge of Force Lance by Vehumet.
 12257 | Bailey   | Noticed an orc warlord
 12298 | Bailey   | Noticed an orc knight
 12318 | Bailey   | Killed an orc knight
 12577 | Bailey   | Killed an orc warlord
 12577 | Bailey   | Reached skill level 9 in Air Magic
 12760 | Bailey   | Noticed an orc knight
 12810 | Bailey   | HP: 2/60 [orc knight/+0 battleaxe (17)]
 12862 | Bailey   | Slain by an orc warrior

Levels and vault maps discovered:
D:1:      minmay_arrival_arboretum_small, layout_rooms, serial_bayou,
          serial_bayou_ford_a, serial_bayou_crossing, serial_bayou_lagoon_a,
          serial_bayou_pond_b, grunt_decor_cap, dk_noncrumbling_3,
          minmay_misc_feat_encased
D:2:      layout_basic
D:3:      layout_basic, overflow_temple_1_default, lemuel_crystal_altar,
          portal_sewer_entry_e, nicolae_ru_great_annihilating_truth
D:4:      layout_basic, lemuel_doored_altar
D:5:      layout_basic, tso_oasis_becter, elyvilon_altar_1,
          minmay_temple_entry_poolview, first_ration, serial_shops, shop_coins,
          uniq_sigmund, uniq_eustachio
D:6:      layout_basic, lemuel_crystal_altar, serial_shops,
          nicolae_shop_behind_doors
D:7:      layout_basic, trog_three_pillars_becter
D:8:      layout_basic, nicolae_overflow_hidden_temple, enter_bailey_6,
          uniq_harold
Temple:   jpeg_temple_clearing
Sewer:    sewer_co_scattered_pipes
Bailey:   bailey_axe_minmay_hex_keep, bailey

Skill      XL: |  1  2  3  4  5  6  7  8  9 10 11 |
---------------+----------------------------------+-----
Conjurations   | 2 3 4 5 6 7 8 |  8.4
Air Magic      | 4 5 6 7 8 9 |  9.1
Stealth        | 3 4 5 |  5.0
Spellcasting   | 3 4 5 6 7 |  7.4
Dodging        | 3 4 |  4.5
Short Blades   | 2 3 4 5 |  5.7
Armour         | 1 2 |  2.6
Fighting       | 1 2 3 |  3.1
Evocations     | 1 2 |  2.4
Shields        | 1 3 4 |  4.1

Action                   |  1- 3 |  4- 6 |  7- 9 | 10-12 || total
-------------------------+-------+-------+-------+-------++-------
Melee: Dagger            |    18 |    22 |       |       ||    40
       Rapier            |       |    52 |   118 |    40 ||   210
 Cast: Shock             |    55 |   143 |   203 |   183 ||   584
       Airstrike         |       |       |     2 |    16 ||    18
       Lightning Bolt    |       |       |       |    27 ||    27
       Swiftness         |       |       |       |     1 ||     1
Evoke: Wand              |       |       |     5 |    11 ||    16
  Use: Potion            |       |     2 |     2 |     5 ||     9
       Scroll            |       |     8 |     4 |     6 ||    18
 Stab: Sleeping          |       |     3 |     3 |     1 ||     7
       Paralysed         |       |     1 |     1 |       ||     2
  Eat: Chunk             |    10 |    13 |    15 |    18 ||    56
Armor: Robe              |     1 |     4 |       |       ||     5
       Leather armour    |       |     7 |    38 |    11 ||    56
Dodge: Dodged            |    27 |    91 |   119 |    81 ||   318
Block: Buckler           |       |       |    10 |    22 ||    32

Table legend:
 A = Non-vault XP
 B = Vault XP
 C = Vault XP percentage of total XP
 D = Non-vault monster count
 E = Vault monster count
 F = Vault count percentage of total count
                 A         B        C        D         E       F
            +---------+---------+-------+---------+---------+-------
      Total |    5211 |    5552 |  51.6 |     187 |     104 |  35.7
            +---------+---------+-------+---------+---------+-------
        D:1 |      47 |       6 |  11.3 |      20 |       2 |   9.1
        D:2 |      84 |       0 |   0.0 |      18 |       0 |   0.0
        D:3 |      51 |      79 |  60.8 |      23 |      12 |  34.3
        D:4 |     639 |       0 |   0.0 |      25 |       0 |   0.0
        D:5 |    1086 |     428 |  28.3 |      33 |       2 |   5.7
        D:6 |    1166 |       0 |   0.0 |      21 |       0 |   0.0
        D:7 |    2138 |    1002 |  31.9 |      47 |       1 |   2.1
      Sewer |       0 |      69 | 100.0 |       0 |      21 | 100.0
     Bailey |       0 |    3968 | 100.0 |       0 |      66 | 100.0
            +---------+---------+-------+---------+---------+-------
